 Dungeon Crawl Stone Soup version 0.28-a0-533-g9f97627e2a (webtiles) character file.

Game seed: 8274759215146574412

2814 Rennog the Fighter (level 9, 0/89 HPs)
             Began as a Green Draconian Fighter on Sept 26, 2021.
             Was a High Priest of Cheibriados.
             Slain by a skeletal warrior (14 damage)
             ... led by a skeletal warrior
             ... on level 7 of the Dungeon.
             The game lasted 00:12:11 (8451 turns).

Rennog the Fighter (Green Draconian Fighter)        Turns: 8451, Time: 00:12:13

Health: 0/89       AC: 11    Str: 33    XL:     9   Next: 44%
Magic:  10/10      EV: 18    Int: 22    God:    Cheibriados [*****.]
Gold:   331        SH:  0    Dex: 25    Spells: 8/8 levels left

rFire   + . .      SeeInvis .   I - +13 scythe of Curses {drain, Drain}
rCold   . . .      Faith    .   (shield currently unavailable)
rNeg    . . .      Spirit   .   (armour unavailable)
rPois   +          Reflect  .   (helmet restricted)
rElec   .          Harm     .   (no cloak)
rCorr   .          Rampage  .   (no gloves)
Will    .....                   (no boots)
Stlth   ++........              (no amulet)
HPRegen 0.24/turn               t - ring of protection from fire
MPRegen 0.12/turn               E - +4 ring of protection

@: mighty, very slow
A: breathe noxious fumes, AC +7, unfitting armour, poison resistance,
cold-blooded
a: Breathe Noxious Fumes, Renounce Religion, Bend Time, Temporal Distortion,
Slouch, Step From Time


You were on level 7 of the Dungeon.
You worshipped Cheibriados.
Cheibriados was extremely pleased with you.
You visited 1 branch of the dungeon, and saw 7 of its levels.
You also visited: Sewer.

You collected 373 gold pieces.
You spent 42 gold pieces at shops.

Inventory:

Hand Weapons
 a - a +0 rapier
 j - a +0 rapier of holy wrath
 A - a +0 dire flail
 H - a +2 dire flail of freezing
 I - the +13 scythe of Curses (weapon) {drain, Drain}
   (You found it on level 7 of the Dungeon)

   A truly terrible weapon, it drains the life of any living foe it strikes.
   It inflicts powerful necromantic curses on any living foe it strikes.
   Drain:     It drains your maximum health when unequipped.
Armour
 b - a +0 buckler
Jewellery
 t - a ring of protection from fire (left hand)
 E - a +4 ring of protection (right hand)
Wands
 C - a wand of flame (28)
 D - a wand of iceblast (9)
 G - a wand of digging (3)
Scrolls
 d - 4 scrolls of amnesia {unknown}
 e - 2 scrolls of silence {unknown}
 h - a scroll of vulnerability {unknown}
 i - 2 scrolls of acquirement {unknown}
 l - 2 scrolls of immolation {unknown}
 o - 2 scrolls of noise {unknown}
 q - 3 scrolls of enchant weapon {unknown}
 v - 2 scrolls of identify {unknown}
 y - a scroll of fear {unknown}
 B - a scroll of blinking {unknown}
 F - a scroll of magic mapping {unknown}
Potions
 c - a potion of might
 f - a potion of invisibility {unknown}
 g - a potion of mutation {unknown}
 k - 2 potions of heal wounds
 m - 2 potions of resistance
 n - a potion of brilliance {unknown}
 p - a potion of cancellation {unknown}
 r - 2 potions of magic {unknown}
 s - a potion of experience {unknown}
 w - 2 potions of curing
 x - 3 potions of haste {unknown}
 z - 2 potions of attraction {unknown}


   Skills:
 * Level 11.5 Fighting
 - Level 2.0 Short Blades
 - Level 2.9 Maces & Flails
 + Level 7.1 Dodging
 - Level 3.0 Shields
 + Level 2.4 Invocations


You had 8 spell levels left.
You didn't know any spells.
Your spell library contained the following spells:

 Spells                   Type           Power      Damage    Failure   Level
 Summon Guardian Golem    Hex/Summ       0%         N/A       45%         3
 Orb of Destruction       Conj           0%         N/A       100%        7
 Spellforged Servitor     Conj/Summ      0%         N/A       100%        7


Dungeon Overview and Level Annotations

Branches:
Dungeon (7/15)             Temple (0/1) D:6           Sewer (visited)

Altars:
Cheibriados
Uskayaw
Beogh

Shops:
D:4 **   D:5 =

Annotations:
D:3 3 runed translucent doors, pokedragonboy's ghost, amateur GrFi


Innate Abilities, Weirdness & Mutations

You can breathe blasts of noxious fumes.
Your lurid green scales are hard. (AC +7)
You cannot fit into any form of body armour.
Your system is resistant to poisons. (rPois)
You are cold-blooded and may be slowed by cold attacks.


Message History

* * * LOW HITPOINT WARNING * * *
You slice the skeletal warrior!!
The skeletal warrior is almost destroyed.
Your surroundings suddenly seem different.
You start resting.
A skeletal warrior is nearby!
You feel much better.
You feel very mighty all of a sudden.
A skeletal warrior comes into view. It is wielding a +0 glaive.
You reach to attack!
You barely miss the skeletal warrior.
The skeletal warrior closely misses you.
You slice the skeletal warrior!!
The skeletal warrior is heavily damaged.
The skeletal warrior hits you but does no damage.
The skeletal warrior closely misses you.
You slash the skeletal warrior!
Your tail-slap misses the skeletal warrior.
The skeletal warrior is severely damaged.
The skeletal warrior misses you.
The skeletal warrior hits you from afar with a +0 glaive!
The skeletal warrior completely misses you.
You slash the skeletal warrior!
The skeletal warrior is almost destroyed.
The skeletal warrior barely misses you.
The skeletal warrior completely misses you.
The skeletal warrior closely misses you. x2
You closely miss the skeletal warrior.
The skeletal warrior is almost destroyed.
The skeletal warrior closely misses you.
The skeletal warrior completely misses you.
The skeletal warrior hits you from afar with a +0 glaive!
The skeletal warrior hits you with a +0 war axe!
You are too injured to fight recklessly!
You closely miss the skeletal warrior.
The skeletal warrior is almost destroyed.
The skeletal warrior misses you.
The skeletal warrior hits you with a +0 war axe!!
* * * LOW HITPOINT WARNING * * *
The skeletal warrior hits you from afar with a +0 glaive!
You die...

############
#.@........#
#z####.....########
#z##.........<.....
#.##.#.....########
#.# #.....### #
#.##.###.#...# ##
...........#.#####.
..######)###.......
.######z# .######


You could see 2 skeletal warriors.

Vanquished Creatures
  A skeletal warrior (D:7)
  Duvessa (D:6)
  An ice beast (D:5)
  2 black bears
  A necrophage (D:6)
  2 ogres
  A centaur (D:3)
  3 phantoms
  4 kobold brigands
  A gnoll sergeant (D:7)
  Dowan (D:6)
  A scorpion (D:2)
  4 wights (D:7)
  2 orc priests
  A bullfrog skeleton (D:5)
  A hound (D:5)
  Jessica (D:2)
  A gnoll shaman (D:6)
  4 iguanas
  3 orc wizards
  A hound zombie (D:5)
  10 gnolls
  9 adders
  2 river rats (Sewer)
  2 white imps (D:6)
  2 worms
  5 dart slugs
  22 orcs
  14 ball pythons
  3 bats
  9 endoplasms
  6 giant cockroaches
  8 goblins
  6 hobgoblins
  A jackal (D:2)
  4 quokkas
  3 frilled lizards
  21 kobolds
  10 rats
174 creatures vanquished.

Notes
Turn   | Place    | Note
-------+----------+-------------------------------------------
     0 | D:1      | Rennog the Draconian Fighter began the quest for the Orb.
     0 | D:1      | Reached XP level 1. HP: 19/19 MP: 1/1
   215 | D:1      | Reached XP level 2. HP: 27/27 MP: 2/2
   666 | D:1      | Reached skill level 4 in Fighting
   842 | D:1      | Found a faded altar of an unknown god.
   898 | D:1      | Became a worshipper of Cheibriados the Contemplative
   898 | D:1      | Reached * piety under Cheibriados
  1046 | D:2      | Reached XP level 3. HP: 33/33 MP: 3/3
  1291 | D:2      | Noticed Jessica
  1304 | D:2      | Killed Jessica
  1562 | D:2      | Reached XP level 4. HP: 33/41 MP: 4/4
  1669 | D:2      | Noticed a scorpion
  1674 | D:2      | Killed a scorpion
  1675 | D:2      | Reached skill level 5 in Fighting
  1714 | D:2      | Reached ** piety under Cheibriados
  1715 | D:2      | Reached XP level 5. HP: 43/48 MP: 5/5
  2069 | D:2      | Found a snail-covered altar of Cheibriados.
  2349 | D:3      | Noticed a centaur
  2356 | D:3      | Killed a centaur
  2357 | D:3      | Reached skill level 6 in Fighting
  2607 | D:3      | Found a glowing drain.
  2633 | Sewer    | Entered a sewer
  2712 | Sewer    | Reached XP level 6. HP: 51/58 MP: 6/6
  2828 | Sewer    | Reached *** piety under Cheibriados
  3206 | Sewer    | Reached skill level 7 in Fighting
  3594 | D:3      | Noticed pokedragonboy's ghost (amateur GrFi)
  3596 | D:3      | Found a runed translucent gate.
  3596 | D:3      | Found a runed translucent gate.
  3596 | D:3      | Found a runed translucent gate.
  4128 | D:4      | Found a hide-covered altar of Uskayaw.
  4305 | D:4      | Reached **** piety under Cheibriados
  4306 | D:4      | Your scales start taking on a lurid green colour.
  4306 | D:4      | Reached XP level 7. HP: 30/67 MP: 7/7
  4306 | D:4      | Gained mutation: Your system is resistant to poisons.
                  | (rPois) [Green Draconian growth]
  4603 | D:4      | Found Xufore's General Store.
  4605 | D:4      | Found Lauhasm's Specific Store.
  4613 | D:4      | Bought a scroll of teleportation for 42 gold pieces
  4801 | D:4      | Reached skill level 5 in Dodging
  5141 | D:4      | Reached skill level 8 in Fighting
  5409 | D:5      | Entered Level 5 of the Dungeon
  5877 | D:5      | Reached skill level 9 in Fighting
  5877 | D:5      | Reached XP level 8. HP: 78/78 MP: 8/8
  6224 | D:5      | Found Uschuqy's Jewellery Boutique.
  6850 | D:6      | Noticed Dowan
  6850 | D:6      | Noticed Duvessa
  6903 | D:6      | Killed Duvessa
  6904 | D:6      | Reached skill level 1 in Maces & Flails
  6912 | D:6      | Killed Dowan
  6912 | D:6      | Reached ***** piety under Cheibriados
  6913 | D:6      | Reached skill level 10 in Fighting
  7208 | D:6      | Found a staircase to the Ecumenical Temple.
  7262 | D:6      | Noticed a deep elf zephyrmancer
  8093 | D:7      | Reached XP level 9. HP: 73/86 MP: 9/9
  8271 | D:7      | Found the +13 scythe of Curses {drain, Drain}
  8365 | D:7      | Reached skill level 11 in Fighting
  8389 | D:7      | Noticed a skeletal warrior
  8390 | D:7      | Noticed a skeletal warrior
  8392 | D:7      | Noticed a skeletal warrior
  8395 | D:7      | Killed a skeletal warrior
  8444 | D:7      | Noticed a skeletal warrior
  8451 | D:7      | Slain by a skeletal warrior

Illustrated notes

Levels and vault maps discovered:
D:1:      onia_arrival_handbag, layout_loops_ring,
          shapermc_ecumenical_altar_pompeii
D:2:      minmay_alternating_diamond, layout_basic, basic_altar, uniq_jessica
D:3:      layout_basic, portal_sewer_entry_f, biasface_ghost_orc_armoury,
          kennysheep_generic_room_6
D:4:      layout_basic, nicolae_uskayaw_murder_on_the_dancefloor,
          nicolae_specific_store
D:5:      layout_layer_cave, serial_shops, nicolae_lakefront_shop, minmay_holes
D:6:      layout_cave_pools, minmay_temple_entry_purple_smoke,
          guppyfry_early_elven_hall, uniq_duvessa
D:7:      layout_loops_ring, nicolae_qazlal_scattered_showers, nzn_ghost_randoct

Skill      XL: |  1  2  3  4  5  6  7  8  9 |
---------------+----------------------------+-----
Fighting       | 4 5 6 7 9 10 11 | 11.5
Dodging        | 3 4 5 6 7 |  7.1
Maces & Flails | 2 |  2.9
Invocations    | 2 |  2.4
Short Blades   | |  2.0
Shields        | |  3.0

Action                   |  1- 3 |  4- 6 |  7- 9 || total
-------------------------+-------+-------+-------++-------
Melee: Rapier            |    94 |   236 |    56 ||   386
       Tailslap          |    15 |    37 |    68 ||   120
       Dire flail        |       |       |   178 ||   178
       Scythe            |       |       |    26 ||    26
  Use: Potion            |       |     3 |     4 ||     7
       Scroll            |       |       |     2 ||     2
 Stab: Sleeping          |     2 |     2 |     1 ||     5
Armor: Skin              |    15 |    69 |   102 ||   186
Dodge: Dodged            |    47 |   169 |   306 ||   522
Block: Buckler           |    13 |    64 |    14 ||    91

Table legend: (Time is in decaauts)
 A = Elapsed time spent in this place.
 B = Non-inter-level travel time spent in this place.
 C = Inter-level travel time spent in this place.
 D = Time resting spent in this place.
 E = Time spent auto-exploring this place.
 F = Levels seen in this place.
 G = Mean time per level.
                   A        B        C        D        E       F      G
               +--------+--------+--------+--------+--------+-----+--------+
         Total |  10917 |  10537 |    380 |    673 |   8224 |   8 | 1364.6 |
       Dungeon |   9960 |   9580 |    380 |    673 |   7525 |   7 | 1422.9 |
         Sewer |    957 |    957 |      0 |      0 |    698 |   1 |  957.0 |
               +--------+--------+--------+--------+--------+-----+--------+

Top non-repeatable levels by time:
     D:4: 1911 daAuts
     D:6: 1813 daAuts
     D:2: 1609 daAuts
     D:3: 1494 daAuts
     D:5: 1263 daAuts
     D:1: 1010 daAuts
   Sewer: 957 daAuts
     D:7: 858 daAuts
